 Dungeon Crawl Stone Soup version 0.26-a0-976-gd3b5134375 (webtiles) character file.

Game seed: 1246359421089723306

7 Descartes the Sneak (level 1, -2/10 HPs)
             Began as a Felid Delver on Dec 5, 2020.
             Slain by a bullfrog (7 damage)
             ... on level 3 of the Dungeon.
             The game lasted 00:01:23 (154 turns).

Descartes the Sneak (Felid Delver)                   Turns: 154, Time: 00:01:24

Health: -2/10      AC:  1    Str:  8    XL:     1   Next: 83%
Magic:  2/2        EV: 18    Int: 11    God:
Gold:   0          SH:  0    Dex: 17    Spells: 0/0 levels left
                                        Lives:  0   Deaths: 0

rFire    . . .     SeeInvis +     - Unarmed
rCold    . . .     Faith    .   (shield unavailable)
rNeg     . . .     Spirit   .   (armour unavailable)
rPois    .         Reflect  .   (helmet unavailable)
rElec    .         Harm     .   (cloak unavailable)
rCorr    .         Rampage  .   (gloves unavailable)
MR       .....                  (boots unavailable)
Stlth    ++++......             (no amulet)
HPRegen  0.03/turn              (no ring)
MPRegen  0.08/turn              (no ring)

@: quick
A: very small, no armour, no weapons or thrown items, stealth, claws 1, fangs 3,
see invisible, speed 1, shaggy fur 1, sharp paws
a: no special abilities


You were on level 3 of the Dungeon.
You visited 1 branch of the dungeon, and saw 3 of its levels.

Inventory:

Wands
 e - a wand of digging (3)
 f - a wand of acid (4)
 h - a wand of disintegration (9)
Scrolls
 a - a scroll of fog
 b - a scroll of magic mapping
 c - a scroll of fear
 g - a scroll of remove curse {unknown}
Potions
 d - 2 potions of haste


   Skills:
 - Level 3.0 Fighting
 - Level 2.6 Dodging
 + Level 7.1 Stealth
 - Level 2.0 Unarmed Combat


You couldn't memorise any spells.
You didn't know any spells.
Your spell library contained the following spells:

 Spells                   Type           Power        Failure   Level
 Magic Dart               Conj           #...         34%         1
 Blink                    Tloc           N/A          47%         2
 Call Imp                 Summ           #.......     47%         2
 Slow                     Hex            #.......     47%         2
 Conjure Flame            Conj/Fire      #.......     71%         3
 Mephitic Cloud           Conj/Pois/Air  #.......     71%         3


Dungeon Overview and Level Annotations

Branches:
Dungeon (5/15)
 Temple: D:4-7

Altars:


Innate Abilities, Weirdness & Mutations

You cannot wear armour.
You are incapable of wielding weapons or throwing items.
Your paws allow you to move quietly. (Stealth)
You have sharp claws.
You have razor-sharp teeth.
You have supernaturally acute eyesight. (SInv)
You cover ground quickly.
You are covered in fur. (AC +1)
Your sharp claws are effective at attacking unaware monsters.


Message History

You scratch the bullfrog.
The bullfrog is heavily wounded.
The bullfrog hits you but does no damage.
Evoke which item? (* to show all) (? for menu, Esc to quit)
Aiming: Disintegrate
Press: ? - help, Shift-Dir - straight line, f/p - bullfrog
Aim: a bullfrog (heavily wounded, chance to defeat MR: 65%)
The bullfrog struggles to resist.
The bullfrog misses you. The bullfrog hits you.
Evoke which item? (* to show all) (? for menu, Esc to quit)
Aiming: Disintegrate
Press: ? - help, Shift-Dir - straight line, f/p - bullfrog
Aim: a bullfrog (heavily wounded, chance to defeat MR: 65%)
The bullfrog struggles to resist.
The bullfrog barely misses you.
You scratch the bullfrog but do no damage.
You bite the bullfrog.
The bullfrog is heavily wounded.
The bullfrog misses you. The bullfrog hits you!
Ouch! That really hurt!
You die...

#...#.# #...#.###.
#..)...... # #...# ## .#
#...# .#..###
#######$..# .#.....
#.........###...##
#................#
#..........F@....#
#.......##..........
#####.......#######.####
...................>....
##..........####........
#.....†....# #........
#..........# #.....^..
#....####### #......!.
#.(... .........


You could see a bullfrog.

Vanquished Creatures
  A dart slug (D:3)
  An orc (D:3)
  A bat (D:3)
  A frilled lizard (D:3)
  A rat (D:3)
5 creatures vanquished.

Notes
Turn   | Place    | Note
-------+----------+-------------------------------------------
     0 | D:5      | Descartes the Felid Delver began the quest for the Orb.
     0 | D:5      | Reached XP level 1. HP: 10/10 MP: 2/2
    79 | D:4      | Noticed a lemure
   102 | D:3      | Reached skill level 7 in Stealth
   129 | D:3      | Noticed a bullfrog
   154 | D:3      | Slain by a bullfrog

Illustrated notes

Levels and vault maps discovered:
D:3:      layout_basic
D:4:      wad_lake_hut, layout_cave_pools,
          nicolae_gozag_cash_rules_everything_around_me,
          gammafunk_temple_overflow_elements, minmay_quantized, uniq_natasha,
          uniq_pikel
D:5:      layout_loops_corners, minmay_temple_entry_gardened_gates,
          uniq_crazy_yiuf_cottage

Skill      XL: |  1 |
---------------+----+-----
Stealth        | 7 |  7.1
Fighting       | |  3.0
Dodging        | |  2.6
Unarmed Combat | |  2.0

Action                   || total
-------------------------++-------
Melee: Unarmed           ||    17
       Bite              ||     6
Evoke: Wand              ||     4
 Stab: Sleeping          ||     2
Armor: Skin              ||     1
Dodge: Dodged            ||    16

Table legend: (Time is in decaauts)
 A = Elapsed time spent in this place.
 B = Non-inter-level travel time spent in this place.
 C = Inter-level travel time spent in this place.
 D = Time resting spent in this place.
 E = Time spent auto-exploring this place.
 F = Levels seen in this place.
 G = Mean time per level.
                   A        B        C        D        E       F      G
               +--------+--------+--------+--------+--------+-----+--------+
         Total |    131 |    117 |     14 |      0 |     63 |   3 |   43.7 |
       Dungeon |    131 |    117 |     14 |      0 |     63 |   3 |   43.7 |
               +--------+--------+--------+--------+--------+-----+--------+

Top non-repeatable levels by time:
     D:3: 64 daAuts
     D:5: 35 daAuts
     D:4: 31 daAuts
